 Dungeon Crawl Stone Soup version 0.29.0-4-gdea44cf6ec (webtiles) character file.

Game seed: 12138548046703937100

307 qw the Chopper (level 6, -8/47 HPs)
             Began as a Demonspawn Cinder Acolyte on Sept 9, 2022.
             Was an Elder of Ignis.
             Killed from afar by Sigmund (10 damage)
             ... with a magic dart
             ... on level 4 of the Dungeon.
             The game lasted 00:01:16 (4008 turns).

qw the Chopper (Demonspawn Cinder Acolyte)          Turns: 4008, Time: 00:01:16

Health: -8/47      AC:  7    Str: 16    XL:     6   Next: 16%
Magic:  7/7        EV: 12    Int: 16    God:    Ignis [****..]
Gold:   117        SH:  0    Dex:  8    Spells: 7/7 levels left

rFire   + . .      SeeInvis .   Y - -1 hand axe (flame)
rCold   . . .      Faith    .   (no shield)
rNeg    . . .      Spirit   .   c - +0 scale mail {rPois}
rPois   +          Reflect  .   (helmet restricted)
rElec   .          Harm     .   (no cloak)
rCorr   .          Rampage  .   (no gloves)
Will    .....                   h - +0 pair of boots
Stlth   ..........              (no amulet)
HPRegen 0.15/turn               (no ring)
MPRegen 0.10/turn               (no ring)

@: lethally poisoned (-8 -> -16)
A: antennae 1, repulsion field 2
a: Renounce Religion, Fiery Armour, Foxfire Swarm, Rising Flame


You were on level 4 of the Dungeon.
You worshipped Ignis.
Ignis was greatly pleased with you.
You visited 1 branch of the dungeon, and saw 4 of its levels.

You collected 117 gold pieces.


Innate Abilities, Weirdness & Mutations

You have a pair of small antennae on your head.
You are surrounded by a moderate repulsion field. (EV +3)


   Skills:
 + Level 3.0 Fighting
 - Level 6.0 Axes
 - Level 1.0 Armour
 - Level 1.1 Dodging
 - Level 1.0 Spellcasting
 - Level 2.6 Fire Magic


You had 7 spell levels left.
You didn't know any spells.
Your spell library contained the following spells:

 Spells                   Type           Power      Damage    Failure   Level
 Scorch                   Fire           18%        2d5       38%         2

Inventory:

Hand Weapons
 Y - a -1 hand axe of flaming (weapon)
Armour
 c - a +0 scale mail of poison resistance (worn)
 h - a +0 pair of boots (worn)
Scrolls
 b - a scroll of identify
Potions
 g - a potion of brilliance {unknown}
 i - a potion of lignification {unknown}

Dungeon Overview and Level Annotations

Branches:
Dungeon (4/15)
 Temple: D:4-7

Altars:

Annotations:
D:4 Sigmund


Message History

You barely miss Sigmund.
Sigmund is moderately wounded.
You hit Sigmund. You burn Sigmund.
Sigmund is moderately wounded.
Sigmund drinks a potion.
Sigmund flickers and vanishes!
Deactivating autopickup; reactivate with Ctrl-A.
You miss something.
You hear some strange, mumbled words.
A puff of flame appears from out of thin air!
The puff of flame hits you. You resist.
You hit something but do no damage. Something hits you.
You miss something.
You hear some strange, mumbled words.
A magic dart appears from out of thin air!
The magic dart hits you!
You hit something. You burn something.
You hear some strange, mumbled words.
A magic dart appears from out of thin air!
The magic dart hits you.
You hit something. You burn something. Something hits you!
You are poisoned.
You miss something.
You feel very sick.
You miss something.
You feel very sick. Something hits you!
4006 ||| DRINKING potion of curing.
You feel better.
4006 ||| (to cure poison)
Something hits you!
You are lethally poisoned!
You hit something but do no damage.
You feel very sick.
You barely miss something.
You feel very sick.
You hear some strange, mumbled words.
A magic dart appears from out of thin air!
The magic dart hits you!
You die...

. #(..##.# #
#...##.#####
######...##.....#
.#.......######'####
.#.##<...# #......#
.#.###...# #......#
.#.......# #[.....#
.#..###########'####
.#..............@..+
....###########{####
....# #....'@..
.#### ###'##... ##
... # ... # ...# #
..# .# ..#


There were no monsters in sight!

Vanquished Creatures
  A sky beast (D:3)
  A jelly (D:3)
  An iguana (D:4)
  6 adders
  5 river rats (D:3)
  A worm (D:3)
  A dart slug (D:1)
  5 endoplasms
  5 giant cockroaches
  6 hobgoblins
  3 kobolds
  9 ball pythons
  8 bats
  2 frilled lizards (D:1)
  4 goblins
  7 rats
65 creatures vanquished.

Notes
Turn   | Place    | Note
-------+----------+-------------------------------------------
     0 | D:1      | qw the Demonspawn Cinder Acolyte began the quest for the
                  | Orb.
     0 | D:1      | Reached XP level 1. HP: 18/18 MP: 2/2
     0 | D:1      | 0 ||| qw: Version: 0.1-a-113-g051387a
     0 | D:1      | 0 ||| qw: Game counter: 7189
     0 | D:1      | 0 ||| qw: Always use a shield: true
     0 | D:1      | 0 ||| qw: God list: Okawaru
     0 | D:1      | 0 ||| qw: Allow faded altars: false
     0 | D:1      | 0 ||| qw: Do Orc after D:15 true
     0 | D:1      | 0 ||| qw: Do second Lair branch before Depths: true
     0 | D:1      | 0 ||| qw: Lair rune preference: random
     0 | D:1      | 0 ||| qw: Plans: Normal
     0 | D:1      | 0 ||| PLANNING D:1-11
    21 | D:1      | 21 ||| Stepping ~*~*~tactically~*~*~ (stealth).
    22 | D:1      | 22 ||| Stepping ~*~*~tactically~*~*~ (stealth).
    23 | D:1      | 23 ||| Stepping ~*~*~tactically~*~*~ (stealth).
    64 | D:1      | 64 ||| Stepping ~*~*~tactically~*~*~ (stealth).
    65 | D:1      | 65 ||| Stepping ~*~*~tactically~*~*~ (stealth).
    70 | D:1      | Reached skill level 3 in Axes
    73 | D:1      | 73 ||| INVOKING Fiery Armour.
    77 | D:1      | HP: 1/18 [hobgoblin (4)]
    78 | D:1      | Gained mutation: You are surrounded by a mild repulsion
                  | field. (EV +2) [demonic ancestry]
    78 | D:1      | Reached XP level 2. HP: 2/24 MP: 3/3
   941 | D:1      | Gained mutation: You have a pair of small antennae on your
                  | head. [demonic ancestry]
   941 | D:1      | Reached XP level 3. HP: 29/29 MP: 4/4
  1201 | D:1      | 1201 ||| UPGRADING to +0 scale mail of poison resistance.
  1211 | D:1      | 1211 ||| DROPPING +0 robe.
  1212 | D:1      | 1212 ||| DROPPING +0 helmet.
  1213 | D:1      | 1213 ||| UPGRADING to +0 pair of boots.
  1218 | D:1      | 1218 ||| READING scroll labelled HUOPSO MOCIPS.
  1517 | D:2      | Reached skill level 4 in Axes
  1717 | D:2      | Reached skill level 1 in Armour
  1835 | D:2      | 1835 ||| READING 2 scrolls labelled XAMICHEKAS.
  1836 | D:2      | 1836 ||| READING scroll labelled CIXZYN YDIUCSOCIOH.
  1837 | D:2      | 1837 ||| READING scroll labelled LEYPHA VUNIDD.
  1838 | D:2      | 1838 ||| DRINKING 2 fizzy purple potions.
  1942 | D:2      | 1942 ||| DROPPING potion of berserk rage.
  1963 | D:3      | 1963 ||| PLANNING SEWER
  1973 | D:3      | 1973 ||| Stepping ~*~*~tactically~*~*~ (stealth).
  1983 | D:3      | 1983 ||| Stepping ~*~*~tactically~*~*~ (stealth).
  1985 | D:3      | 1985 ||| Stepping ~*~*~tactically~*~*~ (stealth).
  2004 | D:3      | 2004 ||| INVOKING Fiery Armour.
  2008 | D:3      | Reached XP level 4. HP: 13/35 MP: 5/5
  2128 | D:3      | 2128 ||| FLEEEEING.
  2129 | D:3      | 2129 ||| FLEEEEING.
  2130 | D:3      | 2130 ||| FLEEEEING.
  2131 | D:3      | 2131 ||| FLEEEEING.
  2132 | D:3      | 2132 ||| FLEEEEING.
  2133 | D:3      | 2133 ||| FLEEEEING.
  2134 | D:3      | 2134 ||| FLEEEEING.
  2136 | D:3      | 2136 ||| FLEEEEING.
  2137 | D:3      | 2137 ||| STAIRDANCE
  2213 | D:3      | 2213 ||| STAIRDANCE
  2433 | D:3      | 2433 ||| INVOKING Fiery Armour.
  2693 | D:3      | Reached skill level 5 in Axes
  2747 | D:3      | 2747 ||| RIP SEWER
  2790 | D:3      | 2790 ||| PLANNING D:1-11
  2881 | D:3      | Found the +4 Cigotuvi's embrace {rMiasma Drain rN+}
  3214 | D:3      | Gained mutation: You are surrounded by a moderate repulsion
                  | field. (EV +3) [demonic ancestry]
  3214 | D:3      | Reached XP level 5. HP: 31/41 MP: 6/6
  3304 | D:3      | Reached skill level 1 in Dodging
  3683 | D:3      | 3683 ||| DROPPING scarf of shadows.
  3684 | D:3      | 3684 ||| DRINKING 2 fuming amethyst potions.
  3685 | D:3      | 3685 ||| READING 2 scrolls of identify.
  3685 | D:3      | 3685 ||| IDENTIFYING green potion
  3686 | D:3      | 3686 ||| DROPPING potion of degeneration.
  3698 | D:4      | Noticed a sky beast
  3707 | D:4      | 3707 ||| STAIRDANCE
  3712 | D:3      | 3712 ||| INVOKING Fiery Armour.
  3715 | D:3      | Killed a sky beast
  3716 | D:3      | Reached XP level 6. HP: 23/47 MP: 7/7
  3884 | D:4      | Reached skill level 6 in Axes
  3985 | D:4      | Noticed Sigmund
  3986 | D:4      | 3986 ||| Stepping ~*~*~tactically~*~*~ (hiding).
  4005 | D:4      | HP: 6/47 [something (8)]
  4006 | D:4      | 4006 ||| DRINKING potion of curing.
  4006 | D:4      | 4006 ||| (to cure poison)
  4008 | D:4      | HP: 2/47 [poisoned by Sigmund]
  4008 | D:4      | Killed from afar by Sigmund

Levels and vault maps discovered:
D:1:      dpeg_arrival_simpleton_c, layout_basic, amethyst_killhole
D:2:      layout_loops_ring, skrybe_limestone_x
D:3:      layout_basic, lightli_sewer_entry_pipes, minivault_4
D:4:      layout_basic, kennysheep_generic_room_15, uniq_pikel, uniq_edmund,
          uniq_sigmund

Skill      XL: |  1  2  3  4  5  6 |
---------------+-------------------+-----
Axes           | 3 4 5 6 |  6.0
Armour         | 1 |  1.0
Dodging        | 1 |  1.1
Fighting       | |  3.0
Spellcasting   | |  1.0
Fire Magic     | |  2.6

Action                   |  1- 3 |  4- 6 || total
-------------------------+-------+-------++-------
Melee: Hand axe          |   116 |   167 ||   283
       Punch             |     1 |     2 ||     3
Invok: Fiery Armour      |     2 |     2 ||     4
  Use: Scroll            |     4 |     1 ||     5
       Potion            |     1 |     2 ||     3
Armor: Robe              |    16 |       ||    16
       Scale mail        |    17 |    61 ||    78
Dodge: Dodged            |    66 |    88 ||   154

Table legend:
 A = Non-vault XP
 B = Vault XP
 C = Vault XP percentage of total XP
 D = Non-vault monster count
 E = Vault monster count
 F = Vault count percentage of total count
                 A         B        C        D         E       F
            +---------+---------+-------+---------+---------+-------
      Total |     311 |     128 |  29.2 |      51 |      14 |  21.5
            +---------+---------+-------+---------+---------+-------
        D:1 |      46 |       0 |   0.0 |      27 |       0 |   0.0
        D:2 |      27 |       0 |   0.0 |       9 |       0 |   0.0
        D:3 |     200 |     128 |  39.0 |      13 |      14 |  51.9
        D:4 |      38 |       0 |   0.0 |       2 |       0 |   0.0
            +---------+---------+-------+---------+---------+-------
